 Dungeon Crawl Stone Soup version 0.30-a0-305-g026cb31310 (webtiles) character file.

Game seed: 8539401067284461104

7259 porpoise the Carver (level 11, -1/89 HPs)
             Began as a Merfolk Monk on Oct 23, 2022.
             Was a Believer of Elyvilon.
             Shot with an arrow by a centaur warrior (8 damage)
             ... on level 8 of the Dungeon.
             The game lasted 00:26:44 (7875 turns).

porpoise the Carver (Merfolk Monk)                  Turns: 7875, Time: 00:26:44

Health: -1/89      AC: 19    Str: 12    XL:     11   Next: 12%
Magic:  5/16       EV: 20    Int: 10    God:    Elyvilon [**....]
Gold:   603        SH:  0    Dex: 20    Spells: 10/10 levels left

rFire   + . .      SeeInvis .    a - +9 long sword of the Desolation of Salt {protect, rF+}
rCold   . . .      Faith    .    (no shield)
rNeg    . . .      Spirit   .    q - +2 leather armour {rPois}
rPois   +          Reflect  .    S - +0 helmet
rElec   .          Harm     .    o - +0 cloak
rCorr   .          Rampage  .    (no gloves)
Will    .....                    f - +0 pair of boots
Stlth   ++........               H - amulet of the acrobat
HPRegen 0.34/turn                K - +4 ring of evasion
MPRegen 0.15/turn                B - +4 ring of protection

@: under a protective aura
A: (nimble swimmer 2), mertail
a: Renounce Religion, Purification, Heal Other


You were on level 8 of the Dungeon.
You worshipped Elyvilon.
Elyvilon was pleased with you.
You visited 2 branches of the dungeon, and saw 9 of its levels.
You also visited: Ossuary.

You collected 603 gold pieces.

Inventory:

Hand Weapons
 a - the +9 long sword of the Desolation of Salt (weapon) {protect, rF+}
   (You found it on level 5 of the Dungeon)

   It grants its wielder temporary protection when it strikes (+7 to AC).
   rF:        It protects you from fire.
 w - a +1 dagger of speed
 L - the +7 war axe of Guilt {speed, rN++}
   (You found it on level 6 of the Dungeon)

   Attacks with this weapon are significantly faster.
   rN:        It greatly protects you from negative energy.
 R - a +1 trident of venom
 W - a +0 rapier
Missiles
 m - 16 poisoned darts (quivered)
 p - a throwing net
 r - 6 boomerangs
 Z - 4 curare-tipped darts
Armour
 f - a +0 pair of boots (worn)
 o - a +0 cloak (worn)
 q - a +2 leather armour of poison resistance (worn)
 s - a +1 leather armour of cold resistance
 I - the +1 ring mail of Atacun {Regen+}
   (You found it on level 5 of the Dungeon)

   Regen:     It increases your rate of health regeneration.
 S - a +0 helmet (worn)
 V - a +0 hat of intelligence
Magical Staves
 Q - a staff of poison
Jewellery
 n - a ring of flight
 B - a +4 ring of protection (right hand)
 H - an amulet of the acrobat (around neck)
 K - a +4 ring of evasion (left hand)
 O - a ring of resist corrosion
 T - a ring of protection from cold
 Y - a ring of ice
Wands
 C - a wand of paralysis (5)
 G - a wand of polymorph (8)
 J - a wand of mindburst (12)
 M - a wand of light (12)
 P - a wand of roots (15)
Scrolls
 d - 2 scrolls of fear
 j - a scroll of noise
 k - 3 scrolls of magic mapping
 y - a scroll of poison
 z - 3 scrolls of amnesia
 A - a scroll of enchant weapon {unknown}
 E - 3 scrolls of teleportation
 F - a scroll of butterflies {unknown}
 N - a scroll of acquirement {unknown}
 U - a scroll of summoning {unknown}
Potions
 b - 2 potions of haste
 c - a potion of ambrosia
 e - 4 potions of mutation
 g - 2 potions of attraction
 h - 3 potions of lignification
 i - 3 potions of flight
 l - 4 potions of heal wounds {unknown}
 t - 3 potions of curing
 u - a potion of resistance {unknown}
 v - 2 potions of might {unknown}
 x - a potion of cancellation {unknown}
 D - 2 potions of invisibility {unknown}
 X - a potion of brilliance {unknown}


   Skills:
 + Level 9.5 Fighting
 - Level 14.0 Long Blades
 - Level 3.0 Armour
 - Level 7.0 Dodging
 - Level 2.1 Stealth
 - Level 7.0 Invocations
 + Level 2.3 Evocations


You had 10 spell levels left.
You didn't know any spells.
Your spell library contained the following spells:

 Spells                   Type           Power      Damage    Failure   Level
 Apportation              Tloc           0%         N/A       43%         1
 Necrotise                Necr           0%         1d4       43%         1
 Summon Small Mammal      Summ           0%         N/A       43%         1
 Blink                    Tloc           0%         N/A       58%         2
 Momentum Strike          Conj/Tloc      0%         3d8       58%         2
 Gell's Gravitas          Tloc           0%         N/A       82%         3
 Lesser Beckoning         Tloc           0%         N/A       82%         3
 Teleport Other           Tloc           0%         N/A       82%         3
 Cause Fear               Hex            0%         N/A       99%         4
 Manifold Assault         Tloc           0%         N/A       99%         4
 Blade Hands              Tmut           0%         N/A       100%        5
 Irradiate                Conj/Tmut      0%         3d11      100%        5
 Summon Forest            Summ/Tloc      0%         N/A       100%        5
 Summon Mana Viper        Hex/Summ       0%         N/A       100%        5
 Dispersal                Tloc           0%         N/A       100%        6
 Summon Cactus Giant      Summ           0%         N/A       100%        6
 Dragon Form              Tmut           0%         N/A       100%        7
 Disjunction              Tloc           0%         N/A       100%        8
 Dragon's Call            Summ           0%         N/A       100%        9


Dungeon Overview and Level Annotations

Branches:
Dungeon (8/15)             Temple (1/1) D:6         Ossuary (visited)
   Lair: D:8-11

Altars:
Cheibriados
Dithmenos
Elyvilon
Fedhas
Gozag
Makhleb
Nemelex Xobeh
Okawaru
Qazlal
Ru
Sif Muna
Vehumet
Wu Jian
Xom
Zin

Annotations:
D:1 2 transporters
D:7 exclusion: upstairs


Innate Abilities, Weirdness & Mutations

((You are very nimble when in or above water. (Stealth+, EV+, Speed+++)))
Your lower body shifts to a powerful aquatic tail in water.


Message History

The komodo dragon is almost dead.
The komodo dragon misses you.
The centaur warrior wields a +0 shortbow.
The centaur warrior shoots an arrow.
The arrow hits you!
You hear a roar!
Press: ? - help, Dir - move target, f - centaur warrior Heal: a centaur warrior, wielding a +0 shortbow (chance to pacify: 18%)
The light of Elyvilon fails to reach the centaur warrior.
The centaur warrior shoots an arrow.
The arrow misses you.
The komodo dragon completely misses you.
Press: ? - help, Dir - move target, f/p - centaur warrior Heal: a centaur warrior, wielding a +0 shortbow (chance to pacify: 18%)
The light of Elyvilon fails to reach the centaur warrior.
The centaur warrior shoots an arrow.
The arrow completely misses you.
An elephant comes into view.
The komodo dragon misses you.
The centaur warrior shoots an arrow.
The arrow hits you!
* * * LOW HITPOINT WARNING * * *
The elephant trumpets!
Press: ? - help, Dir - move target, f/p - centaur warrior Heal: a centaur warrior, wielding a +0 shortbow (chance to pacify: 18%)
The light of Elyvilon fails to reach the centaur warrior.
The centaur warrior shoots an arrow.
The arrow hits you.
* * * LOW HITPOINT WARNING * * *
The komodo dragon bites you but does no damage.
Unknown command.
You slash the komodo dragon!
You kill the komodo dragon!
The elephant barely misses you. The elephant completely misses you.
Training target 7.0 for Dodging reached!
Your Dodging skill increases to level 7!
Press: ? - help, Dir - move target, f/p - centaur warrior Heal: a centaur warrior, wielding a +0 shortbow (chance to pacify: 18%)
The light of Elyvilon fails to reach the centaur warrior.
The elephant tramples you!
* * * LOW HITPOINT WARNING * * *
You stumble backwards!
An acid dragon comes into view.
The centaur warrior shoots an arrow.
The arrow hits you!
You die...

.......#.#####.##.##.##.#####.#..
.......#.......#..#...#....##.#.)
.#####.......#...##...##.........
.# #........<..#.....#..###....
.# #.......##.##.....##.###....
.# #.......#..#.......#..##....
.# #+####+##.##.......##.##..<.
.# .......#..#.......D.#..#....
## ##..##@...c....##...... +
#..##Y#########.##..... # #.##..#
#..... .# .. ##.##.## ##.#'# .#
#.# #..#.#'QOl..h #.... ..
#.###.##Y #9###.# ##.##
....##.##..#.. #(#W.! #..#
....##.##.##.. .##.# ##.#
....##.#..#..# .#:# #..


You could see an elephant, a centaur warrior, an acid dragon (wandering) and a
neutral sky beast (wandering).

Vanquished Creatures
  Gastronok (D:8)
  Pikel (D:5)
  Maurice (D:8)
  Joseph (D:8)
  A komodo dragon (D:8)
  A hornet (D:8)
  6 yaks (D:8)
  A wyvern (D:8)
  Eustachio (D:5)
  A steam dragon (D:8)
  2 water moccasins (D:6)
  3 sky beasts
  An ogre (D:6)
  2 centaurs
  A lemure (D:5)
  A kobold brigand (D:7)
  2 bullfrogs
  A necrophage (D:6)
  5 scorpions
  A gnoll sergeant (D:8)
  3 wights (D:7)
  4 howler monkeys
  2 centaur zombies (Ossuary)
  4 hounds
  2 human zombies (Ossuary)
  3 orc priests
  2 jellies
  Crazy Yiuf (D:2)
  An iguana (D:6)
  8 orc wizards
  3 hound zombies (Ossuary)
  3 mummies (Ossuary)
  5 adders
  10 gnolls
  A river rat (D:4)
  A shadow imp (D:7)
  3 white imps
  An ufetubus (D:7)
  4 adder zombies (Ossuary)
  A worm (D:4)
  31 orcs
  6 endoplasms
  2 giant cockroaches
  6 goblins
  8 hobgoblins
  2 jackals (D:5)
  3 quokkas
  9 ball pythons
  A bat (D:1)
  2 frilled lizards (D:2)
  A gnoll zombie (Ossuary)
  2 goblin zombies (Ossuary)
  3 hobgoblin zombies (Ossuary)
  3 jackal zombies (Ossuary)
  9 kobolds
  4 kobold zombies (Ossuary)
  4 orc zombies (Ossuary)
  3 quokka zombies (Ossuary)
  11 rats
  3 rat zombies (Ossuary)
209 creatures vanquished.

Vanquished Creatures (others)
  A two-headed ogre (D:8)
  A tengu warrior (D:8)
2 creatures vanquished.

Grand Total: 211 creatures vanquished

Notes
Turn   | Place    | Note
-------+----------+-------------------------------------------
     0 | D:1      | porpoise the Merfolk Monk began the quest for the Orb.
     0 | D:1      | Reached XP level 1. HP: 18/18 MP: 1/1
    64 | D:1      | Reached skill level 4 in Long Blades
   169 | D:1      | Reached XP level 2. HP: 23/24 MP: 2/2
   922 | D:2      | Reached XP level 3. HP: 26/30 MP: 3/3
  1027 | D:2      | Found a runed translucent door.
  1028 | D:2      | Noticed Crazy Yiuf
  1037 | D:2      | Killed Crazy Yiuf
  1038 | D:2      | Reached skill level 5 in Long Blades
  1276 | D:2      | Reached XP level 4. HP: 35/37 MP: 4/4
  1938 | D:3      | Reached skill level 6 in Long Blades
  1938 | D:3      | Reached XP level 5. HP: 21/43 MP: 5/5
  2281 | D:3      | Found a faded altar of an unknown god.
  2664 | D:4      | Reached XP level 6. HP: 41/50 MP: 6/6
  2672 | D:4      | Reached skill level 5 in Fighting
  2672 | D:4      | Reached skill level 7 in Long Blades
  2711 | D:4      | Found a sand-covered staircase.
  2716 | Ossuary  | Entered an ossuary
  2892 | Ossuary  | Reached XP level 7. HP: 51/56 MP: 7/7
  3042 | Ossuary  | Reached skill level 8 in Long Blades
  3443 | D:4      | Found a burning altar of Makhleb.
  3618 | D:5      | Entered Level 5 of the Dungeon
  3790 | D:5      | Reached skill level 9 in Long Blades
  4140 | D:5      | Noticed Eustachio
  4144 | D:5      | Killed Eustachio
  4145 | D:5      | Reached XP level 8. HP: 65/65 MP: 8/8
  4181 | D:5      | Identified the +1 ring mail of Atacun {Regen+}
  4246 | D:5      | Identified the +9 long sword of the Desolation of Salt
                  | {protect, rF+}
  4325 | D:5      | Noticed Pikel
  4336 | D:5      | Killed Pikel
  4337 | D:5      | Reached skill level 11 in Long Blades
  4815 | D:6      | Found an iron altar of Okawaru.
  4911 | D:6      | Reached skill level 12 in Long Blades
  4911 | D:6      | Reached XP level 9. HP: 72/72 MP: 9/9
  5300 | D:6      | Identified the +7 war axe of Guilt {speed, rN++}
  5321 | D:6      | Reached skill level 13 in Long Blades
  5613 | D:6      | Found a staircase to the Ecumenical Temple.
  6091 | Temple   | Entered the Ecumenical Temple
  6229 | Temple   | Became a worshipper of Elyvilon the Healer
  6229 | Temple   | Reached * piety under Elyvilon
  6229 | Temple   | Reached ** piety under Elyvilon
  6278 | D:7      | Reached skill level 1 in Invocations
  6442 | D:7      | Reached skill level 1 in Armour
  6598 | D:7      | Found a shadowy altar of Dithmenos.
  7098 | D:8      | Noticed Joseph
  7121 | D:8      | Killed Joseph
  7122 | D:8      | Reached XP level 10. HP: 48/79 MP: 11/13
  7244 | D:8      | Noticed Maurice
  7260 | D:8      | Killed Maurice
  7261 | D:8      | Reached skill level 14 in Long Blades
  7261 | D:8      | Reached skill level 5 in Invocations
  7483 | D:8      | Noticed Gastronok
  7502 | D:8      | Killed Gastronok
  7586 | D:8      | Reached skill level 5 in Dodging
  7682 | D:8      | Found a shimmering altar of Xom.
  7853 | D:8      | Noticed a tengu warrior
  7853 | D:8      | Noticed a gargoyle
  7853 | D:8      | Noticed a two-headed ogre
  7855 | D:8      | Pacified a tengu warrior
  7856 | D:8      | Reached XP level 11. HP: 62/89 MP: 10/16
  7858 | D:8      | Killed a tengu warrior
  7866 | D:8      | Killed a two-headed ogre
  7869 | D:8      | Noticed a centaur warrior
  7875 | D:8      | Shot with an arrow by a centaur warrior

Illustrated notes

Levels and vault maps discovered:
D:1:      spicycebolla_arrival_transporter_tutorial, layout_rooms,
          grunt_decor_arrowhead
D:2:      layout_basic, uniq_crazy_yiuf_cottage
D:3:      layout_loops_ring, shapermc_ecumenical_altar_venn
D:4:      layout_cave_pools, makhleb_heckhound_becter, enter_ossuary_5,
          portal_sewer_entry_e, kennysheep_boxes
D:5:      layout_loops_ring, minmay_increasing_density, uniq_pikel,
          uniq_eustachio
D:6:      minmay_general_purpose_star, layout_basic, okawaru_gym_becter,
          minmay_temple_entry_from_below_a, minmay_pentangle
D:7:      layout_cave_pods, mainiacjoe_overflow_catwalk,
          nicolae_figureground_sparkle
D:8:      minmay_the_grid_triangle_9x9_recursive_2
          [minmay_the_grid_triangle_9x9_prize_top_heavy,
          minmay_the_grid_triangle_9x9_negative_grid,
          minmay_the_grid_triangle_9x9_tough_junction,
          minmay_the_grid_triangle_9x9_empty], layout_basic, kennysheep_mini,
          uniq_gastronok, uniq_joseph, uniq_maurice
Temple:   nicolae_temple_bog_church

Skill      XL: |  1  2  3  4  5  6  7  8  9 10 11 |
---------------+----------------------------------+-----
Long Blades    | 4 5 6 7 9 12 13 14 | 14.0
Fighting       | 4 5 6 7 9 |  9.5
Invocations    | 4 7 |  7.0
Armour         | 2 3 |  3.0
Dodging        | 6 7 |  7.0
Evocations     | 2 |  2.3
Stealth        | |  2.1

Action                   |  1- 3 |  4- 6 |  7- 9 | 10-12 || total
-------------------------+-------+-------+-------+-------++-------
Melee: Falchion          |    98 |       |       |       ||    98
       Punch             |     3 |     1 |     2 |     1 ||     7
       Long sword        |     5 |   160 |   307 |    90 ||   562
       Dagger            |       |       |       |     2 ||     2
Throw: Boomerang         |       |     3 |     5 |       ||     8
       Dart              |       |       |    12 |     8 ||    20
Invok: Heal Other        |       |       |     2 |     7 ||     9
  Use: Scroll            |       |     6 |     6 |     1 ||    13
 Stab: Sleeping          |     3 |     3 |     4 |     1 ||    11
Armor: Robe              |    12 |     1 |       |       ||    13
       Leather armour    |       |    56 |    78 |    15 ||   149
Dodge: Dodged            |    78 |    93 |   196 |    48 ||   415

Table legend: (Time is in decaauts)
 A = Elapsed time spent in this place.
 B = Non-inter-level travel time spent in this place.
 C = Inter-level travel time spent in this place.
 D = Time resting spent in this place.
 E = Time spent auto-exploring this place.
 F = Levels seen in this place.
 G = Mean time per level.
                   A        B        C        D        E       F      G
               +--------+--------+--------+--------+--------+-----+--------+
         Total |   7808 |   7579 |    229 |   1085 |   4452 |  10 |  780.8 |
       Dungeon |   7294 |   7083 |    211 |   1085 |   4362 |   8 |  911.8 |
        Temple |    115 |     98 |     17 |      0 |     90 |   1 |  115.0 |
       Ossuary |    398 |    398 |      0 |      0 |      0 |   1 |  398.0 |
               +--------+--------+--------+--------+--------+-----+--------+

Top non-repeatable levels by time:
     D:6: 1198 daAuts
     D:7: 1028 daAuts
     D:5: 1008 daAuts
     D:2: 967 daAuts
     D:3: 908 daAuts
     D:8: 829 daAuts
     D:1: 681 daAuts
     D:4: 671 daAuts
 Ossuary: 398 daAuts
  Temple: 115 daAuts
